 Dungeon Crawl Stone Soup version 0.30-a0-626-gd6a5dd7a1f (webtiles) character file.

Game seed: 11543044114230716785

81 bande the Covered (level 4, -1/29 HPs)
             Began as a Gargoyle Fighter on Jan 12, 2023.
             Slain by an orc priest
             ... wielding a +0 flail
              (4 damage)
             ... on level 3 of the Dungeon.
             The game lasted 00:02:47 (2118 turns).

bande the Covered (Gargoyle Fighter)                Turns: 2118, Time: 00:02:47

Health: -1/29      AC: 11    Str: 24    XL:     4   Next: 40%
Magic:  4/4        EV:  9    Int:  7    God:
Gold:   145        SH:  4    Dex: 10    Spells: 3/3 levels left

rFire   . . .      SeeInvis .    a - +0 war axe
rCold   + . .      Faith    .    c - +0 buckler
rNeg    + . .      Spirit   .    b - +0 scale mail
rPois   ∞          Reflect  .    (no helmet)
rElec   +          Harm     .    (no cloak)
rCorr   .          Rampage  .    o - +0 pair of gloves
Will    .....                    (no boots) Stlth
                                 (no amulet)
HPRegen 0.24/turn                (no ring)
MPRegen 0.09/turn                (no ring)

@: no status effects
A: sickness immunity, AC +3, negative energy resistance 1, electricity
resistance, torment resistance 1, petrification resistance, cold resistance 1,
strong 1, MP-powered wands
a: no special abilities


You were on level 3 of the Dungeon.
You visited 1 branch of the dungeon, and saw 3 of its levels.

You collected 145 gold pieces.

Inventory:

Hand Weapons
 a - a +0 war axe (weapon)
Armour
 b - a +0 scale mail (worn)
 c - a +0 buckler (worn)
 o - a +0 pair of gloves (worn)
Jewellery
 g - a ring of wizardry
Scrolls
 e - a scroll of magic mapping
 i - 3 scrolls of identify
 l - a scroll of teleportation {unknown}
 m - a scroll of enchant armour {unknown}
Potions
 d - 2 potions of might
 f - 2 potions of mutation
 h - a potion of lignification {unknown}
 j - a potion of berserk rage {unknown}
 k - 2 potions of heal wounds {unknown}
 n - 2 potions of magic {unknown}


   Skills:
 + Level 3.6 Fighting
 + Level 2.9 Axes
 + Level 4.1 Armour
 + Level 3.7 Shields


You had 3 spell levels left.
You didn't know any spells.
Your spell library was empty.

Dungeon Overview and Level Annotations

Branches:
Dungeon (3/15)

Altars:
Xom

Shops:
D:1 ?


Innate Abilities, Weirdness & Mutations

You are immune to sickness and miasma.
Your stone body is resilient. (AC +3)
You are immune to poison.
You resist negative energy. (rN+)
You are resistant to electric shocks. (rElec)
You are resistant to unholy torment.
You are immune to petrification.
Your flesh is cold resistant. (rC+)
Your muscles are strong. (Str +4, Int/Dex -1)
You expend magic power (3 MP) to strengthen your wands.


Message History

The worm bites you but does no damage.
You hit the worm.
The worm is almost dead.
The worm barely misses you.
You completely miss the worm.
The worm is almost dead.
The worm bites you.
You are too injured to fight recklessly!
You are too injured to fight recklessly!
You are too injured to fight recklessly!
You are too injured to fight recklessly!
You are too injured to fight recklessly!
You are too injured to fight recklessly!
You are too injured to fight recklessly!
You are too injured to fight recklessly!
You are too injured to fight recklessly!
You are too injured to fight recklessly!
You are too injured to fight recklessly!
You slash the worm!
You kill the worm!
You closely miss the orc. You closely miss the orc. You hit the orc.
The orc barely misses you. The orc hits you but does no damage.
The orc closely misses you. The orc hits you with a +0 flail!
* * * LOW HITPOINT WARNING * * *
You closely miss the orc. x2; The orc barely misses you.
The orc hits you with a +0 flail.
* * * LOW HITPOINT WARNING * * *
You slash the orc!
You kill the orc!
You barely miss the orc.
The orc priest calls upon Beogh to heal the orc.
The orc's wounds heal themselves!
The orc barely misses you. The orc priest barely misses you.
The orc closely misses you.
Things that are here:
a +0 flail; an orc corpse Unknown command.
You closely miss the orc priest. You barely miss the orc.
The orc priest hits you with a +0 flail.
You die...

#.#.###.....###,,,,,,,,,****
#.............+,,,,,,,,,+,,,
#.#.####....###,,,,,^,,,****
######.#.........#
**,,,,,,,** *
.......#####..#### **,,,,,**
##.##### #.## **,,,** #.#
#####.##### **+** #.##
#........o# *,* #..#
#.###.###@# *,* ##.# *,* #.#
#o# **,** #.# *,* #.#*#.#
**,,,** #.# *,* #..,..#
*,,,,,** ###.# *,**###*#.#*
**,,,*,** ....#
*,,,,,,,...******,***,****
#####
********.#.,,,,,,,,,,,,,,,
*.,.******,***,**** *****
*,,*,**


You could see an orc priest and an orc.

Vanquished Creatures
  3 adders
  3 worms
  An orc (D:3)
  3 bats
  3 endoplasms
  5 giant cockroaches
  4 goblins
  6 hobgoblins
  2 jackals (D:2)
  4 kobolds
  5 ball pythons
  A frilled lizard (D:2)
  A rat (D:2)
41 creatures vanquished.

Notes
Turn   | Place    | Note
-------+----------+-------------------------------------------
     0 | D:1      | bande the Gargoyle Fighter began the quest for the Orb.
     0 | D:1      | Reached XP level 1. HP: 14/14 MP: 1/1
    12 | D:1      | Found a shimmering altar of Xom.
   174 | D:1      | Reached XP level 2. HP: 19/19 MP: 2/2
   372 | D:1      | Found Enloprom's Magic Scroll Emporium.
   874 | D:2      | Reached XP level 3. HP: 5/23 MP: 3/3
  1391 | D:2      | Reached skill level 4 in Armour
  1391 | D:2      | Reached XP level 4. HP: 27/28 MP: 4/4
  1753 | D:3      | Gained mutation: You expend magic power (3 MP) to
                  | strengthen your wands. [potion of mutation]
  1753 | D:3      | Gained mutation: Your muscles are strong. (Str +4, Int/Dex
                  | -1) [potion of mutation]
  1753 | D:3      | Gained mutation: Your flesh is cold resistant. (rC+)
                  | [potion of mutation]
  2118 | D:3      | Slain by an orc priest

Illustrated notes

Levels and vault maps discovered:
D:1:      dpeg_arrival_lava_altar, layout_loops_ring, serial_shops, shop
D:2:      layout_basic
D:3:      layout_loops_corners

Skill      XL: |  1  2  3 |
---------------+----------+-----
Axes           | 2 |  2.9
Armour         | 4 |  4.1
Fighting       | |  3.6
Shields        | |  3.7

Action                   |  1- 3 |  4- 6 || total
-------------------------+-------+-------++-------
Melee: War axe           |    84 |    33 ||   117
  Use: Scroll            |       |     4 ||     4
       Potion            |       |     1 ||     1
Armor: Scale mail        |    39 |     9 ||    48
Dodge: Dodged            |    45 |    21 ||    66
Block: Buckler           |    18 |     6 ||    24

Table legend: (Time is in decaauts)
 A = Elapsed time spent in this place.
 B = Non-inter-level travel time spent in this place.
 C = Inter-level travel time spent in this place.
 D = Time resting spent in this place.
 E = Time spent auto-exploring this place.
 F = Levels seen in this place.
 G = Mean time per level.
                   A        B        C        D        E       F      G
               +--------+--------+--------+--------+--------+-----+--------+
         Total |   2167 |   2167 |      0 |    177 |   1611 |   3 |  722.3 |
       Dungeon |   2167 |   2167 |      0 |    177 |   1611 |   3 |  722.3 |
               +--------+--------+--------+--------+--------+-----+--------+

Top non-repeatable levels by time:
     D:2: 1092 daAuts
     D:1: 622 daAuts
     D:3: 452 daAuts
